 Dungeon Crawl Stone Soup version 0.28-a0-803-g74956062c1 (webtiles) character file.

Game seed: 7400616264697023044

171 Grim the Gusty (level 5, -1/28 HPs)
             Began as a Tengu Air Elementalist on Nov 6, 2021.
             Killed from afar by an orc wizard (11 damage)
             ... with a puff of flame
             ... on level 3 of the Dungeon.
             The game lasted 00:05:35 (3308 turns).

Grim the Gusty (Tengu Air Elementalist)             Turns: 3308, Time: 00:05:35

Health: -1/28      AC:  2    Str:  9    XL:     5   Next: 51%
Magic:  1/9        EV: 14    Int: 16    God:
Gold:   90         SH:  0    Dex: 14    Spells: 2/8 levels left

rFire   . . .      SeeInvis .   (no weapon)
rCold   . . .      Faith    .   (no shield)
rNeg    . . .      Spirit   .   a - +0 robe
rPois   .          Reflect  .   (helmet restricted)
rElec   .          Harm     .   (no cloak)
rCorr   .          Rampage  .   (no gloves)
Will    .....                   (boots unavailable)
Stlth   ++........              (no amulet)
HPRegen 0.09/turn               (no ring)
MPRegen 0.11/turn               (no ring)

@: lethally poisoned (-1 -> -5), flying quickly and evasively, quick
A: beak, talons 3, nimble flight
a: no special abilities


You were on level 3 of the Dungeon.
You visited 1 branch of the dungeon, and saw 3 of its levels.

You collected 90 gold pieces.

Inventory:

Armour
 a - a +0 robe (worn)
Scrolls
 b - 2 scrolls of identify {unknown}
 d - 2 scrolls of noise {unknown}
 f - a scroll of torment {unknown}
 g - a scroll of fear {unknown}
Potions
 c - a potion of mutation {unknown}
 e - 2 potions of cancellation {unknown}


   Skills:
 - Level 2.1 Dodging
 - Level 2.0 Stealth
 - Level 2.0 Spellcasting
 + Level 4.9 Conjurations
 + Level 6.3 Air Magic


You had 2 spell levels left.
You knew the following spells:

 Your Spells              Type           Power      Damage    Failure   Level
a - Shock                 Conj/Air       76%        1d7       1%          1
b - Static Discharge      Conj/Air       19%        N/A       3%          2
c - Swiftness             Air            21%        N/A       4%          3

Your spell library contained the following spells:

 Spells                   Type           Power      Damage    Failure   Level
 Airstrike                Air            10%        N/A       16%         4
 Summon Guardian Golem    Hex/Summ       1%         N/A       52%         3
 Orb of Destruction       Conj           8%         9d4       100%        7
 Spellforged Servitor     Conj/Summ      4%         N/A       100%        7


Dungeon Overview and Level Annotations

Branches:
Dungeon (3/15)

Altars:
Wu Jian


Innate Abilities, Weirdness & Mutations

You have a beak for a mouth.
You have claws for feet.
Your magical nature lets you fly swiftly and evasively.


Message History

You're already flying!
You're too confused to move!
You bump into the rock wall.
You bump into the tree.
The orc wizard points at you and mumbles some strange words.
The magic dart hits you.
You're too confused to cast spells.
You're already flying!
You're too confused to cast spells.
You're already flying!
You bump into the tree.
You feel less confused.
Your magical contamination has completely faded away.
Casting: Shock (safe; 2% risk of failure)
Confirm with . or Enter, or press ? or * to list all spells.
Aiming: Shock (safe; 2% risk of failure)
Press: ? - help, Shift-Dir - straight line, p - orc wizard The zap misses the orc wizard.
The zap hits the adder!
The adder is severely wounded.
The zap hits the adder.
You kill the adder!
The orc wizard closely misses you.
Casting: Shock (safe; 1% risk of failure)
Confirm with . or Enter, or press ? or * to list all spells.
Aiming: Shock (safe; 1% risk of failure)
Press: ? - help, Shift-Dir - straight line The zap hits the orc wizard.
The orc wizard is almost dead.
The orc wizard hits you with a +0 dagger of venom.
You are poisoned.
Unknown command.
You feel sick.
The orc wizard gestures at you while chanting.
The magic dart hits you!
* * * LOW HITPOINT WARNING * * *
You feel sick.
You feel sick.
The orc wizard points at you and mumbles some strange words.
The puff of flame hits you!
You die...

#.. #....###### #.♣
♣....# #.♣ +.#†##
#.♣♣ ♣.#.#######
#†.♣♣ #...##.....
#...#.K♣♣
##...##.####
#.#!##o.♣♣ ♣..#>#
.#### # #o
##..♣♣♣♣♣♣.##........
#S
#..@......#####.####
#K #†#.####### # .#
#....# # #..#..#
#.#....# #.###.#.# #.
..... # ##.#.# #.#..


You could see an orc wizard and a kobold.

Vanquished Creatures
  A water moccasin (D:3)
  2 adders (D:3)
  A worm (D:2)
  A dart slug (D:1)
  2 orcs (D:3)
  6 bats (D:2)
  4 endoplasms
  A giant cockroach (D:2)
  2 goblins
  4 hobgoblins
  2 jackals (D:1)
  3 quokkas
  6 ball pythons
  4 frilled lizards
  2 kobolds (D:1)
  2 rats (D:1)
43 creatures vanquished.

Notes
Turn   | Place    | Note
-------+----------+-------------------------------------------
     0 | D:1      | Grim the Tengu Air Elementalist began the quest for the
                  | Orb.
     0 | D:1      | Reached XP level 1. HP: 10/10 MP: 4/4
   559 | D:1      | Reached XP level 2. HP: 15/15 MP: 4/6
   681 | D:1      | Learned a level 2 spell: Static Discharge
  1563 | D:2      | Reached XP level 3. HP: 19/19 MP: 4/7
  2094 | D:2      | Reached skill level 5 in Air Magic
  2837 | D:3      | Found an ornate altar of the Wu Jian Council.
  3151 | D:3      | Noticed a water moccasin
  3157 | D:3      | Learned a level 3 spell: Swiftness
  3178 | D:3      | Killed a water moccasin
  3179 | D:3      | Reached skill level 6 in Air Magic
  3179 | D:3      | Reached XP level 4. HP: 20/24 MP: 0/8
  3179 | D:3      | Gained mutation: Your magical nature lets you fly swiftly
                  | and evasively. [Tengu growth]
  3179 | D:3      | Reached XP level 5. HP: 24/28 MP: 0/9
  3308 | D:3      | Killed from afar by an orc wizard

Illustrated notes

Levels and vault maps discovered:
D:1:      minmay_arrival_five_plusses, layout_basic
D:2:      layout_basic, minmay_cupped
D:3:      layout_loops_ring, nicolae_wu_jian_wuxing_cycle,
          dilly_ecumenical_altar_fadedgnrine, amcnicky_mini_pool_small,
          corner_web_ring

Skill      XL: |  1  2  3 |
---------------+----------+-----
Conjurations   | 2 4 |  4.9
Air Magic      | 6 |  6.3
Dodging        | |  2.1
Stealth        | |  2.0
Spellcasting   | |  2.0

Action                   |  1- 3 |  4- 6 || total
-------------------------+-------+-------++-------
Melee: Unarmed           |     6 |       ||     6
       Kick              |     2 |       ||     2
 Cast: Shock             |    81 |    10 ||    91
       Static Discharge  |     5 |       ||     5
Armor: Robe              |     4 |       ||     4
Dodge: Dodged            |    18 |     1 ||    19

Table legend: (Time is in decaauts)
 A = Elapsed time spent in this place.
 B = Non-inter-level travel time spent in this place.
 C = Inter-level travel time spent in this place.
 D = Time resting spent in this place.
 E = Time spent auto-exploring this place.
 F = Levels seen in this place.
 G = Mean time per level.
                   A        B        C        D        E       F      G
               +--------+--------+--------+--------+--------+-----+--------+
         Total |   3304 |   3266 |     38 |   1597 |   1447 |   3 | 1101.3 |
       Dungeon |   3304 |   3266 |     38 |   1597 |   1447 |   3 | 1101.3 |
               +--------+--------+--------+--------+--------+-----+--------+

Top non-repeatable levels by time:
     D:1: 1448 daAuts
     D:2: 1373 daAuts
     D:3: 483 daAuts
